 Dungeon Crawl Stone Soup version 0.29-a0-393-g47a863cc1b (webtiles) character file.

Game seed: 12631776846346226962

894 pyrow613 the Conjurer (level 7, 59/59 HPs)
             Began as a Green Draconian Conjurer on May 6, 2022.
             Got out of the dungeon alive.
             The game lasted 00:22:08 (4450 turns).

pyrow613 the Conjurer (Green Draconian Conjurer)    Turns: 4450, Time: 00:22:08

Health: 59/59      AC:  6    Str:  9    XL:     7   Next: 78%
Magic:  12/12      EV: 16    Int: 21    God:
Gold:   106        SH:  0    Dex:  9    Spells: 8/13 levels left

rFire   . . .      SeeInvis .   b - staff of conjuration
rCold   . . .      Faith    .   (no shield)
rNeg    . . .      Spirit   .   (body armour unavailable)
rPois   +          Reflect  .   (helmet restricted)
rElec   .          Harm     .   (no cloak)
rCorr   .          Rampage  .   (no gloves)
Will    .....                   (no boots)
Stlth   ++........              (no amulet)
HPRegen 0.19/turn               r - +4 ring of evasion
MPRegen 0.13/turn               (no ring)

@: no status effects
A: breathe noxious fumes, AC +6, unfitting armour, poison resistance,
cold-blooded
a: Breathe Noxious Fumes


You escaped.
You visited 1 branch of the dungeon, and saw 5 of its levels.

You collected 172 gold pieces.
You spent 66 gold pieces at shops.

Inventory:

Hand Weapons
 a - a +0 dagger of electrocution
 o - a +0 hunting sling
 s - the +10 rapier "Giantslayer" {spect, SInv}
   (You found it on level 5 of the Dungeon)

   When its wielder attacks, the weapon's spirit leaps out and strikes again.
   The spirit shares a part of any damage it takes with its wielder.
   SInv:      It lets you see invisible.
Magical Staves
 b - a staff of conjuration (weapon)
 e - a staff of earth
Jewellery
 r - a +4 ring of evasion (left hand)
Scrolls
 f - 4 scrolls of fear
 h - 2 scrolls of teleportation {unknown}
 i - 3 scrolls of blinking {unknown}
 j - 2 scrolls of torment {unknown}
 l - 3 scrolls of identify
 m - a scroll of noise {unknown}
 n - 2 scrolls of brand weapon {unknown}
 q - a scroll of immolation {unknown}
Potions
 c - 2 potions of curing
 d - a potion of magic
 g - 3 potions of haste {unknown}
 k - a potion of berserk rage {unknown}
 p - a potion of brilliance {unknown}
 t - a potion of mutation {unknown}


   Skills:
 + Level 4.2 Fighting
 + Level 3.6 Staves
 - Level 1.9 Dodging
 - Level 3.1 Stealth
 + Level 3.6 Spellcasting
 + Level 6.2 Conjurations
 + Level 2.2 Poison Magic


You had 8 spell levels left.
You knew the following spells:

 Your Spells              Type           Power      Damage    Failure   Level
a - Magic Dart            Conj           100%       1d8       1%          1
b - Searing Ray           Conj           90%        2d7       1%          2
c - Poisonous Vapours     Pois/Air       16%        N/A       12%         2

Your spell library contained the following spells:

 Spells                   Type           Power      Damage    Failure   Level
 Dazzling Flash           Conj/Hex       50%        N/A       11%         3
 Corpse Rot               Necr/Air       6%         N/A       19%         2
 Fulminant Prism          Conj/Hex       12%        3d9       34%         4
 Iskenderun's Mystic Bla  Conj/Tloc      25%        2d7       34%         4


Dungeon Overview and Level Annotations

Branches:
Dungeon (5/15)
 Temple: D:4-7

Altars:
Ashenzari
Gozag
Makhleb
Nemelex Xobeh

Shops:
D:2 ?   D:3 (


Innate Abilities, Weirdness & Mutations

You can breathe blasts of noxious fumes.
Your lurid green scales are hard. (AC +6)
You cannot fit into any form of body armour.
Your system is resistant to poisons. (rPois)
You are cold-blooded and may be slowed by cold attacks.


Message History

Press ? for a list of commands and other information.
You have got your breath back.
Magic restored.
You open the door.
There is an open door here.
There is an open door, spattered with blood here.
Things that are here:
a +0 leather armour; a +0 whip
Things that are here:
a +0 flail; a +0 halberd You see here a +0 spear.
Things that are here:
a +0 scale mail; a +0 trident
There is a stone staircase leading up here.
You climb upwards.
There is a stone staircase leading down here.
(D) Dungeon
Where to? (Enter - D:5 @ (x,y), ? - help)
Okay, then.
Unknown command.
(D) Dungeon
Where to? (Enter - D:5 @ (x,y), ? - help)
Okay, then.
(D) Dungeon
Where to? (Enter - D:5 @ (x,y), ? - help)
What level of the Dungeon? (default 1, ? - help)
There is a stone staircase leading up here.
You climb upwards.
There is a stone staircase leading down here.
There is a stone staircase leading up here.
You climb upwards.
There is a stone staircase leading down here.
You see here a +0 robe.
There is a stone staircase leading up here.
You climb upwards.
There is a stone staircase leading down here.
There is an open door here.
There is a staircase leading out of the dungeon here.
Are you sure you want to leave the Dungeon?
This will make you lose the game!
You have escaped!

.'.........###.........'..#.##.#.
##..####.### ###.####..#....##.#.
#.#.###.# #.###.#(#..####.#.
#.##.#.## ##.#.##.#### #.#.
#.###.## ##.###.# ##.#. #.##.#.##
##.#.##.# #.... ##.#.###.#
#.###.#.# ##.## .#..####.###
###.####..### ###
.'.........###..@......'.#
###.####.##.#.##.####.##.#
####.###.###.###.###.###.# .#
##.##.##.#.##.##.## #.######## .#
##.#.#.###.#(#.#####......... .#
##...#####...###...)...##... .#
##.........## #.########.## .##
#'#######'# ##.# #.# ..######.#
#.##.# #..########.#


There were no monsters in sight!

Vanquished Creatures
  A black bear (D:5)
  2 ogres
  2 phantoms (D:4)
  A necrophage (D:4)
  A gnoll sergeant (D:5)
  A gnoll shaman (D:5)
  A hound (D:4)
  Jessica (D:2)
  3 iguanas
  3 gnolls (D:5)
  5 adders
  A shadow imp (D:5)
  2 ufetubi (D:4)
  2 worms (D:3)
  2 dart slugs
  4 orcs
  10 ball pythons
  4 bats
  7 endoplasms
  2 giant cockroaches
  9 goblins
  9 hobgoblins
  2 jackals (D:5)
  4 quokkas
  5 frilled lizards (D:1)
  11 kobolds
  6 rats
101 creatures vanquished.

Notes
Turn   | Place    | Note
-------+----------+-------------------------------------------
     0 | D:1      | pyrow613 the Draconian Conjurer began the quest for the
                  | Orb.
     0 | D:1      | Reached XP level 1. HP: 14/14 MP: 3/3
   239 | D:1      | Reached XP level 2. HP: 20/20 MP: 5/5
   242 | D:1      | Learned a level 2 spell: Searing Ray
  1228 | D:1      | Reached XP level 3. HP: 26/27 MP: 4/6
  1404 | D:2      | Reached skill level 1 in Fighting
  1520 | D:2      | Noticed Jessica
  1522 | D:2      | Killed Jessica
  1523 | D:2      | Reached XP level 4. HP: 35/35 MP: 4/7
  1790 | D:2      | Found Fuenaz's Magic Scroll Shop.
  1803 | D:2      | Bought a scroll of identify for 24 gold pieces
  1803 | D:2      | Bought a scroll of fear for 42 gold pieces
  2156 | D:3      | Found Qiami's Weapon Boutique.
  2377 | D:3      | Found an opulent altar of Gozag.
  2378 | D:3      | Found a sparkling altar of Nemelex Xobeh.
  2447 | D:3      | Found a faded altar of an unknown god.
  2517 | D:3      | Found a faded altar of an unknown god.
  2605 | D:3      | Found a burning altar of Makhleb.
  2752 | D:4      | Reached skill level 5 in Conjurations
  2787 | D:4      | Reached XP level 5. HP: 41/41 MP: 6/9
  3185 | D:4      | Noticed a phantom
  3222 | D:4      | Killed a phantom
  3223 | D:4      | Reached skill level 1 in Staves
  3223 | D:4      | Reached XP level 6. HP: 30/50 MP: 1/10
  3383 | D:4      | Found a broken altar of Ashenzari.
  3590 | D:4      | Your scales start taking on a lurid green colour.
  3590 | D:4      | Reached XP level 7. HP: 57/57 MP: 6/11
  3590 | D:4      | Gained mutation: Your system is resistant to poisons.
                  | (rPois) [Green Draconian growth]
  3596 | D:4      | Learned a level 2 spell: Poisonous Vapours
  3804 | D:5      | Entered Level 5 of the Dungeon
  3893 | D:5      | Reached skill level 6 in Conjurations
  3893 | D:5      | Reached skill level 1 in Poison Magic
  4202 | D:5      | Identified the +10 rapier "Giantslayer" {spect, SInv}
  4232 | D:5      | Upgraded the game from 0.29-a0-384-g6960b1960d to
                  | 0.29-a0-393-g47a863cc1b
  4450 | D:$      | Got out of the dungeon alive.

Illustrated notes

Levels and vault maps discovered:
D:1:      roderic_octagonal_star, layout_loops_ring
D:2:      layout_rooms, serial_shops, nicolae_lakefront_shop, uniq_jessica
D:3:      layout_rooms, grunt_temple_overflow_opulence,
          nicolae_overflow_ecumenical_swirl, serial_shops,
          nicolae_shop_bloodbath_and_beyond,
          hellmonk_ecumenical_altar_prayer_group,
          hangedman_decor_clover_reticule, chequers_arboretum
D:4:      minmay_bubble_buster, layout_basic, cheibrodos_ashenzari_chains
D:5:      layout_rooms, zin_purify, kennysheep_generic_room_11

Skill      XL: |  1  2  3  4  5  6  7 |
---------------+----------------------+-----
Stealth        | 2 3 |  3.1
Fighting       | 1 2 3 4 |  4.2
Conjurations   | 5 6 |  6.2
Spellcasting   | 3 |  3.6
Staves         | 1 2 3 |  3.6
Poison Magic   | 2 |  2.2
Dodging        | |  1.9

Action                   |  1- 3 |  4- 6 |  7- 9 || total
-------------------------+-------+-------+-------++-------
Melee: Dagger            |    98 |    22 |       ||   120
       Tailslap          |     8 |     6 |     1 ||    15
       Staff             |       |    26 |    13 ||    39
 Fire: Hunting sling     |     3 |    83 |       ||    86
 Cast: Magic Dart        |    16 |     7 |     8 ||    31
       Searing Ray       |     2 |    20 |     8 ||    30
       Poisonous Vapours |       |       |     1 ||     1
 Abil: Breathe Noxious F |       |       |     6 ||     6
  Use: Scroll            |       |     1 |       ||     1
 Stab: Sleeping          |     5 |     2 |       ||     7
Armor: Skin              |    36 |    32 |    18 ||    86
Dodge: Dodged            |    83 |    78 |    27 ||   188

Table legend: (Time is in decaauts)
 A = Elapsed time spent in this place.
 B = Non-inter-level travel time spent in this place.
 C = Inter-level travel time spent in this place.
 D = Time resting spent in this place.
 E = Time spent auto-exploring this place.
 F = Levels seen in this place.
 G = Mean time per level.
                   A        B        C        D        E       F      G
               +--------+--------+--------+--------+--------+-----+--------+
         Total |   4498 |   4302 |    196 |    457 |   2964 |   5 |  899.6 |
       Dungeon |   4498 |   4302 |    196 |    457 |   2964 |   5 |  899.6 |
               +--------+--------+--------+--------+--------+-----+--------+

Top non-repeatable levels by time:
     D:4: 1309 daAuts
     D:1: 1291 daAuts
     D:3: 759 daAuts
     D:2: 710 daAuts
     D:5: 428 daAuts
